 Dungeon Crawl Stone Soup version 0.25.1-1-g288607f5aa (webtiles) character file.

Game seed: 4866282048739542977

305116 Jp444 the Slayer (level 21, 0/151 HPs)
             Began as a Gargoyle Fighter on July 17, 2020.
             Was a High Priest of Qazlal.
             Killed from afar by a lich (25 damage)
             ... with a bolt of acid
             ... on level 1 of the Depths on July 24, 2020.
             The game lasted 04:01:40 (50137 turns).

Jp444 the Slayer (Gargoyle Fighter)                Turns: 50137, Time: 04:01:43

Health: 0/151      AC: 63    Str: 29    XL:     21   Next: 13%
Magic:  26/26      EV:  7    Int: 13    God:    Qazlal [*****.]
Gold:   1753       SH: 22    Dex:  9    Spells: 20/20 levels left

rFire    + + .     SeeInvis +   x - +5 trident (protect)
rCold    + + .     Gourm    .   c - +1 kite shield
rNeg     + . .     Faith    .   h - +6 gold dragon scales
rPois    ∞         Spirit   .   V - +2 hat {Int+3}
rElec    +         Reflect  .   r - scarf {repulsion}
rCorr    .         Harm     .   d - +2 pair of gloves
MR       ++...                  M - +2 pair of boots of Cocytus {rF+ SInv}
Stlth    ..........             R - amulet of regeneration (curse)
HPRegen  0.75/turn              Q - ring of protection from cold
MPRegen  0.20/turn              Z - ring of protection from magic

@: about to teleport, protection aura, slowed, repel missiles, very slow
A: big wings, negative energy resistance 1, electricity resistance, unbreathing,
petrification resistance, rot immunity, AC +16
}: 2/15 runes: decaying, serpentine
a: Fly, Upheaval, Elemental Force, Disaster Area, Renounce Religion


You were on level 1 of the Depths.
You worshipped Qazlal.
Qazlal was extremely pleased with you.
You were not hungry.

You visited 7 branches of the dungeon, and saw 34 of its levels.
You also visited: Gauntlet.

You collected 3640 gold pieces.
You spent 1887 gold pieces at shops.

Inventory:

Hand Weapons
 x - a +5 trident of protection (weapon)
Armour
 c - a +1 kite shield (worn)
 d - a +2 pair of gloves (worn)
 h - +6 gold dragon scales (worn)
 r - a scarf of repulsion (worn)
 M - the +2 pair of boots of Cocytus (worn) {rF+ SInv}
   (You bought it in a shop on level 2 of the Orcish Mines)

   It protects you from fire.
   It lets you see invisible.
 V - a +2 hat of intelligence (worn)
Jewellery
 j - an uncursed amulet of the acrobat
 o - an uncursed ring of see invisible
 q - an uncursed ring of positive energy
 B - a +4 ring of slaying
 D - an uncursed ring of resist corrosion
 E - an uncursed ring of protection from fire
 J - an uncursed ring of wizardry
 Q - a ring of protection from cold (left hand)
 R - a cursed amulet of regeneration (around neck)
 Z - a ring of protection from magic (right hand)
Wands
 a - a wand of polymorph (21)
 y - a wand of digging (5)
 H - a wand of iceblast (37)
 I - a wand of acid (41)
 O - a wand of disintegration (10)
Scrolls
 k - 12 scrolls of identify
 l - 6 scrolls of fear
 m - 19 scrolls of remove curse
 t - 3 scrolls of fog
 u - a scroll of enchant armour
 v - 6 scrolls of teleportation
 w - 5 scrolls of immolation
 K - a scroll of holy word
 L - 2 scrolls of silence
 N - 2 scrolls of enchant weapon
 U - 4 scrolls of magic mapping
Potions
 b - 5 potions of mutation
 e - 4 potions of might
 g - 5 potions of berserk rage
 i - 5 potions of cancellation
 n - 6 potions of curing
 p - 3 potions of resistance
 s - 5 potions of heal wounds
 z - 4 potions of stabbing
 A - 6 potions of lignification
 F - a potion of haste
 G - 3 potions of invisibility
 P - 3 potions of ambrosia
 S - a potion of brilliance {unknown}
Comestibles
 f - 49 rations


   Skills:
 + Level 22.2 Fighting
 - Level 14.0 Polearms
 + Level 22.2 Armour
 - Level 15.0 Shields
 + Level 7.0 Invocations


You had 20 spell levels left.
You didn't know any spells.
Your spell library contained the following spells:

 Spells                   Type           Power        Failure   Level  Hunger
 Animate Skeleton         Necr           N/A          95%         1    ##.....
 Apportation              Tloc           #.....       95%         1    ##.....
 Beastly Appendage        Tmut           #.....       95%         1    ##.....
 Corona                   Hex            #......      95%         1    ##.....
 Foxfire                  Conj/Fire      #...         95%         1    ##.....
 Magic Dart               Conj           #...         95%         1    ##.....
 Pain                     Necr           #...         95%         1    ##.....
 Shock                    Conj/Air       #...         95%         1    ##.....
 Summon Butterflies       Summ           #.......     95%         1    ##.....
 Summon Small Mammal      Summ           #...         95%         1    ##.....
 Blink                    Tloc           N/A          99%         2    ###....
 Call Imp                 Summ           #.......     99%         2    ###....
 Corpse Rot               Necr/Air       N/A          99%         2    ###....
 Ensorcelled Hibernation  Hex/Ice        #.....       99%         2    ###....
 Searing Ray              Conj           #.....       99%         2    ###....
 Slow                     Hex            #.......     99%         2    ###....
 Sticks to Snakes         Tmut           #.......     99%         2    ###....
 Swiftness                Chrm/Air       #.......     99%         2    ###....
 Confusing Touch          Hex            #.......     100%        3    ####...
 Conjure Flame            Conj/Fire      #.......     100%        3    ####...
 Dazzling Flash           Conj/Hex       #.....       100%        3    ####...
 Gell's Gravitas          Tloc           #.........   100%        3    ####...
 Ignite Poison            Fire/Tmut/Pois #.......     100%        3    ####...
 Inner Flame              Hex/Fire       #.......     100%        3    ####...
 Lesser Beckoning         Tloc           #.........   100%        3    ####...
 Mephitic Cloud           Conj/Pois/Air  #.......     100%        3    ####...
 Portal Projectile        Hex/Tloc       #.....       100%        3    ####...
 Recall                   Summ/Tloc      N/A          100%        3    ####...
 Spider Form              Tmut/Pois      #.........   100%        3    ####...
 Static Discharge         Conj/Air       #.......     100%        3    ####...
 Stone Arrow              Conj/Erth      #.....       100%        3    ####...
 Tukima's Dance           Hex            #.......     100%        3    ####...
 Airstrike                Air            #.........   100%        4    #####..
 Cause Fear               Hex            #.........   100%        4    #####..
 Fulminant Prism          Conj/Hex       #.........   100%        4    #####..
 Ice Form                 Ice/Tmut       #.......     100%        4    #####..
 Iskenderun's Mystic Bla  Conj/Tloc      #.......     100%        4    #####..
 Leda's Liquefaction      Hex/Erth       #.........   100%        4    #####..
 Passage of Golubria      Tloc           N/A          100%        4    #####..
 Sticky Flame             Conj/Fire      #.......     100%        4    #####..
 Alistair's Intoxication  Tmut/Pois      #.......     100%        5    ######.
 Aura of Abjuration       Summ           #.........   100%        5    ######.
 Blade Hands              Tmut           #.........   100%        5    ######.
 Fireball                 Conj/Fire      #.........   100%        5    ######.
 Lightning Bolt           Conj/Air       #.........   100%        5    ######.
 Metabolic Englaciation   Hex/Ice        #.........   100%        5    ######.
 Summon Demon             Summ           #.........   100%        5    ######.
 Summon Forest            Summ/Tloc      #.........   100%        5    ######.
 Summon Mana Viper        Hex/Summ       #.......     100%        5    ######.
 Dispersal                Tloc           #.........   100%        6    #######
 Eringya's Noxious Bog    Tmut/Pois      #.........   100%        6    #######
 Hydra Form               Tmut           #.........   100%        6    #######
 Invisibility             Hex            #.......     100%        6    #######
 Shadow Creatures         Summ           N/A          100%        6    #######
 Haunt                    Necr/Summ      #.........   100%        7    #######
 Summon Hydra             Summ           #.........   100%        7    #######
 Borgnjor's Revivificati  Necr           #.........   100%        8    #######
 Death's Door             Chrm/Necr      #.........   100%        8    #######
 Ignition                 Fire           #.........   100%        8    #######
 Infestation              Necr           #.........   100%        8    #######
 Necromutation            Tmut/Necr      #.........   100%        8    #######
 Shatter                  Erth           #.........   100%        9    #######
 Tornado                  Air            #.........   100%        9    #######


Dungeon Overview and Level Annotations

Branches:
Dungeon (15/15)            Temple (1/1) D:7            Lair (6/6) D:11
  Swamp (4/4) Lair:3        Snake (4/4) Lair:4        Slime (0/5) Lair:6
    Orc (2/2) D:9             Elf (0/3) Orc:2        Vaults (0/5) D:14
 Depths (2/5) D:15        Gauntlet (visited)

Altars:
Ashenzari
Cheibriados
Dithmenos
Elyvilon
Fedhas
Gozag
Hepliaklqana
Kikubaaqudgha
Makhleb
Nemelex Xobeh
Okawaru
Qazlal
Ru
Sif Muna
Trog
Uskayaw
Vehumet
Wu Jian
Xom
Yredelemnul
Zin
The Shining One
Beogh
Jiyva

Shops:
D:6 [   D:11 =?(   Orc:1 *   Orc:2 (:[*   Snake:3 ([%   Depths:2 (}

Portals:
Hell: Depths:1 Depths:2
Pandemonium: Depths:2
Ziggurat: Depths:2
Trove: D:12 (give 19 potions of curing)

Annotations:
Depths:1 Shotagonist's ghost, veteran GrFi; havocjr3's ghost, adept GnGl; qipq's ghost, journeyman FeVM


Innate Abilities, Weirdness & Mutations

You are resistant to torment.
Your stone body is resilient. (AC +16)
You are immune to poison.
Your large and strong wings let you fly indefinitely.
You resist negative energy. (rN+)
You are resistant to electric shocks. (rElec)
You can survive without breathing.
You are immune to petrification.
You are immune to rotting.


Message History

The ancient lich points at you and mumbles some strange words.
You resist with significant effort.
Qipq's ghost wails, "You will never get the ORB!"
You hit the ancient lich but do no damage.
The ancient lich is severely damaged.
The lich gestures at you while chanting.
The bolt of acid hits you!!
* * * LOW HITPOINT WARNING * * *
You are splashed with acid!
* * * LOW HITPOINT WARNING * * *
The reaper is engulfed in blazing flames.
You block the reaper's attack.
As you read the scroll of teleportation, it crumbles to dust.
You feel strangely unstable. You block the lich's attack.
The ancient lich points at you and mumbles some strange words.
You feel yourself slow down.
Havocjr3's ghost is engulfed in blazing flames.
The lich gestures at you while chanting.
The bolt of acid hits you!!
You die...

## ######### #.## #W.#22L@#
#####.###.#..WL##
#...##.#.....○W☼ ########
##[......#........### #.......
..§..§#....#........# #.......
.≈≈≈≈.##...#......#.######.......
≈§≈≈≈≈###...............[#...####
≈≈#...............#..........#...
###§..####........#..........#...


You could see an ancient lich (invisible), a cacodemon (summoned), a lich
(fast), a reaper (summoned), havocjr3's ghost and qipq's ghost (shrouded).

Vanquished Creatures
  An ancient lich (D:15)
  Bai Suzhen (D:15)
  A caustic shrike (Depths:2)
  A golden dragon (Depths:1)
  A bone dragon (Swamp:4)
  2 tentacled monstrosities (Depths:2)
  2 titans (Depths:1)
  Gastronok (Lair:2)
  A tengu reaver (Depths:2)
  2 thorn hunters
  A shadow dragon (Depths:2)
  A storm dragon (Depths:1)
  Kirke (Snake:2)
  A fire giant (Depths:1)
  9 nagarajas
  Aizul (Snake:2)
  An iron dragon (Depths:2)
  3 deep elf sorcerers
  6 frost giants
  2 orc warlords
  6 stone giants
  5 very ugly things
  A deep elf annihilator (D:15)
  3 vampire knights
  A spark wasp (Depths:2)
  A minotaur (Gauntlet)
  A deep elf death mage (D:15)
  2 fire dragons
  Snorg (D:12)
  3 ettins
  A yaktaur captain (D:15)
  3 great orbs of eyes
  6 vault guards
  3 rakshasas
  17 hydras
  2 ice dragons (Depths:1)
  19 naga warriors
  4 spriggan air magi
  3 shambling mangroves (Swamp:2)
  5 ghost crabs
  12 alligators
  2 death knights
  11 anacondas
  14 two-headed ogres
  8 ogre magi
  A merfolk aquamancer (Depths:1)
  5 centaur warriors
  6 deep troll earth magi
  3 deep troll shamans
  An orc high priest (Orc:2)
  2 tengu warriors
  10 naga sharpshooters
  2 spriggan berserkers
  11 shock serpents
  A deep elf knight (Depths:2)
  2 iron trolls (Depths:1)
  A fire crab (Gauntlet)
  A fire crab (shapeshifter) (Depths:1)
  Nergalle (D:12)
  2 salamander mystics (Snake:2)
  2 spriggan druids (Swamp:3)
  3 unseen horrors
  2 spectral hydras (Swamp:4)
  3 deep trolls (Depths:1)
  3 glowing orange brains
  3 swamp dragons
  4 lindwurms (Lair:3)
  9 wizards
  8 naga ritualists
  3 necromancers (D:14)
  2 orb spiders (shapeshifter) (D:15)
  9 mana vipers
  Pikel (D:9)
  A phantasmal warrior (Swamp:4)
  5 deep elf magi
  14 salamanders
  9 orc knights
  9 orc sorcerers
  25 ugly things
  3 manticores
  32 black mambas
  12 elephants
  6 guardian serpents
  24 naga magi
  2 gargoyles
  30 spiny frogs
  A centaur skeleton (D:15)
  A kobold demonologist (D:15)
  6 swamp worm zombies (Swamp:4)
  4 yaktaurs
  4 rime drakes
  3 merfolk (Depths:2)
  6 komodo dragons
  5 tengu conjurers
  8 trolls
  12 tyrant leeches
  10 hornets
  3 hydra zombies (Swamp:4)
  2 polar bears (Lair:1)
  2 spectral swamp dragons (Swamp:4)
  24 blink frogs
  28 slime creatures
  Grinder (D:5)
  9 bog bodies
  4 dream sheep (Lair:6)
  A meliai zombie (D:13)
  10 hippogriffs
  Sigmund (D:6)
  2 alligator zombies (Swamp:4)
  5 wyverns
  29 yaks
  3 shadows
  8 hogs
  4 basilisks
  Eustachio (D:6)
  2 fire bats (Gauntlet)
  12 water elementals
  17 humans
  24 vampire mosquitoes
  3 hungry ghosts
  3 large abominations (Gauntlet)
  69 nagas
  12 wargs
  19 swamp worms
  30 insubstantial wisps
  An acid dragon (D:11)
  A soldier ant (shapeshifter) (D:15)
  Duvessa (D:7)
  2 floating eyes
  12 water moccasins
  11 porcupines
  45 orc warriors
  7 swamp drakes
  3 black bears
  9 ice beasts
  An eye of draining (D:15)
  A sky beast (D:6)
  11 phantoms
  4 swamp dragon zombies (Swamp:4)
  13 boggarts
  A hornet zombie (D:13)
  15 ogres
  2 necrophages
  12 centaurs
  13 crocodiles
  A big kobold (D:7)
  25 bullfrogs
  11 small abominations (Gauntlet)
  Dowan (D:7)
  4 scorpions
  2 troll zombies (D:9)
  16 wights
  3 killer bees (D:7)
  2 electric eels
  4 crimson imps
  4 centaur zombies
  4 bullfrog zombies
  3 jellies
  4 hounds
  Crazy Yiuf (D:6)
  22 orc priests
  44 orc wizards
  4 bullfrog skeletons
  2 iguanas
  15 worker ants
  2 hell rats (Lair:5)
  2 spectral swamp drakes (Swamp:4)
  A killer bee zombie (D:5)
  6 ogre zombies (D:9)
  A howler monkey skeleton (D:5)
  A worker ant zombie (D:5)
  3 gnolls (D:10)
  9 river rats (Lair:5)
  2 swamp drake zombies (Swamp:4)
  17 adders
  2 shadow imps (D:15)
  2 oozes
  An adder zombie (D:9)
  3 worms
  2 dart slugs
  7 leopard geckos
  86 orcs
  17 bats
  8 giant cockroaches
  13 goblins
  9 hobgoblins
  11 jackals
  A quokka (D:6)
  2 ball pythons (D:2)
  A ball python skeleton (D:6)
  5 frilled lizards
  A giant cockroach zombie (D:6)
  2 goblin skeletons (D:9)
  A goblin zombie (D:9)
  A hobgoblin skeleton (D:9)
  4 hobgoblin zombies (D:9)
  10 kobolds
  A leopard gecko skeleton (D:6)
  4 orc skeletons (D:9)
  13 orc zombies (D:9)
  8 rats
  A fungus (Lair:3)
  2 plants
1433 creatures vanquished.

Vanquished Creatures (collateral kills)
  3 nagas (Snake:4)
3 creatures vanquished.

Vanquished Creatures (others)
  A naga warrior (Snake:3)
  A merfolk aquamancer (Depths:2)
  A swamp dragon (Swamp:1)
  A salamander (Snake:2)
  2 vampire mosquitoes
  2 nagas
  A swamp drake (Swamp:4)
  A boggart (Depths:1)
  A worker ant (D:13)
  12 demonic plants (Gauntlet)
  11 fungi
  21 plants
55 creatures vanquished.

Grand Total: 1491 creatures vanquished

Notes
Turn   | Place    | Note
-------+----------+-------------------------------------------
     0 | D:1      | Jp444 the Gargoyle Fighter began the quest for the Orb.
     0 | D:1      | Reached XP level 1. HP: 14/14 MP: 1/1
   181 | D:1      | Reached XP level 2. HP: 19/19 MP: 2/2
   201 | D:1      | Upgraded the game from 0.25.0-46-gbd7b0854d2 to
                  | 0.25.1-1-g288607f5aa
   533 | D:1      | Reached XP level 3. HP: 23/23 MP: 3/3
  1282 | D:2      | Reached XP level 4. HP: 29/29 MP: 4/4
  2069 | D:3      | Reached XP level 5. HP: 33/33 MP: 5/5
  3193 | D:4      | Reached XP level 6. HP: 39/39 MP: 6/6
  4042 | D:5      | Entered Level 5 of the Dungeon
  4103 | D:5      | Noticed Grinder
  4137 | D:5      | Killed Grinder
  4137 | D:5      | Reached skill level 5 in Fighting
  4137 | D:5      | Reached skill level 5 in Armour
  4137 | D:5      | Reached skill level 5 in Shields
  4137 | D:5      | Reached XP level 7. HP: 35/44 MP: 7/7
  4229 | D:5      | Found a blossoming altar of Fedhas.
  4826 | D:5      | Reached XP level 8. HP: 43/51 MP: 8/8
  5656 | D:6      | Noticed Sigmund
  5672 | D:6      | Killed Sigmund
  5672 | D:6      | Reached skill level 5 in Polearms
  6110 | D:6      | Found Oraprirgh's Armour Shoppe.
  6133 | D:6      | Reached XP level 9. HP: 56/56 MP: 9/9
  6166 | D:6      | Found a runed translucent door.
  6167 | D:6      | Noticed Crazy Yiuf
  6606 | D:6      | Noticed Eustachio
  6664 | D:6      | Killed Eustachio
  6824 | D:6      | Killed Crazy Yiuf
  7261 | D:7      | Reached XP level 10. HP: 64/64 MP: 10/10
  7442 | D:7      | Noticed Dowan
  7457 | D:7      | Killed Dowan
  7468 | D:7      | Noticed Duvessa
  7496 | D:7      | Killed Duvessa
  7566 | D:7      | Found a staircase to the Ecumenical Temple.
  7588 | Temple   | Entered the Ecumenical Temple
  7800 | Temple   | Became a worshipper of Qazlal Stormbringer
  9060 | D:8      | Reached * piety under Qazlal
  9377 | D:9      | Found a staircase to the Orcish Mines.
  9402 | D:9      | Reached ** piety under Qazlal
  9445 | D:9      | Noticed a manticore
  9459 | D:9      | Killed a manticore
  9459 | D:9      | Reached XP level 11. HP: 43/72 MP: 11/11
  9473 | D:9      | Noticed Pikel
  9475 | D:9      | Found a shadowy altar of Dithmenos.
  9481 | D:9      | Killed Pikel
  9646 | D:9      | Found a glowing silver altar of Zin.
  9647 | D:9      | Found an iron altar of Okawaru.
  9677 | D:9      | Noticed a two-headed ogre
  9690 | D:9      | Killed a two-headed ogre
  9690 | D:9      | Reached skill level 10 in Shields
  9825 | D:9      | Reached skill level 10 in Fighting
  9944 | D:9      | Reached skill level 10 in Armour
 10221 | D:10     | Entered Level 10 of the Dungeon
 10280 | D:10     | Reached *** piety under Qazlal
 10442 | D:10     | Noticed a two-headed ogre
 10454 | D:10     | Killed a two-headed ogre
 11246 | D:11     | Reached **** piety under Qazlal
 11432 | D:11     | Found Kuddeq's Antique Weapon Shoppe.
 11596 | D:11     | Found Nonogar's Jewellery Emporium.
 11769 | D:11     | Found a staircase to the Lair.
 11826 | D:11     | Reached XP level 12. HP: 74/79 MP: 12/12
 11858 | D:11     | Found Zaomepsuonn's Magic Scroll Shop.
 11866 | D:11     | Bought a scroll of identify for 32 gold pieces
 11866 | D:11     | Bought a scroll of identify for 32 gold pieces
 11866 | D:11     | Bought a scroll of identify for 32 gold pieces
 11866 | D:11     | Bought a scroll of magic mapping for 56 gold pieces
 12421 | D:12     | Reached skill level 1 in Invocations
 12499 | D:12     | Found a portal to a secret trove of treasure.
 12539 | D:12     | Noticed Nergalle
 12642 | D:12     | Killed Nergalle
 13124 | D:12     | Noticed Snorg
 13130 | D:12     | Killed Snorg
 13514 | D:13     | Noticed a seven-headed hydra
 13522 | D:13     | Killed a seven-headed hydra
 13523 | D:13     | Found a gate leading to a gauntlet.
 13536 | Gauntlet | Entered a Gauntlet
 13536 | Gauntlet | Found a transporter.
 13536 | Gauntlet | Found a transporter.
 13536 | Gauntlet | Found a transporter.
 13562 | Gauntlet | Noticed a hell hog
 13606 | Gauntlet | Found a transporter.
 13617 | Gauntlet | Found a transporter.
 13619 | Gauntlet | Found a transporter.
 13621 | Gauntlet | Found a large runed translucent door.
 13622 | Gauntlet | Found a large runed translucent door.
 13623 | Gauntlet | Found a large runed translucent door.
 13623 | Gauntlet | Found a large runed translucent door.
 13624 | Gauntlet | Found a runed translucent door.
 13625 | Gauntlet | Found a large runed translucent door.
 13627 | Gauntlet | Found a large runed translucent door.
 13643 | Gauntlet | Found a transporter.
 13644 | Gauntlet | Found a transporter.
 13664 | Gauntlet | Found a transporter.
 13713 | Gauntlet | Found a transporter.
 13728 | Gauntlet | Found a transporter.
 13730 | Gauntlet | Found a large runed translucent door.
 13731 | Gauntlet | Found a large runed translucent door.
 13732 | Gauntlet | Found a large runed translucent door.
 13732 | Gauntlet | Found a large runed translucent door.
 13732 | Gauntlet | Found a runed translucent door.
 13733 | Gauntlet | Found a large runed translucent door.
 13734 | Gauntlet | Found a large runed translucent door.
 13735 | Gauntlet | Found a large runed translucent door.
 13735 | Gauntlet | Found a large runed translucent door.
 13736 | Gauntlet | Found a runed translucent gate.
 13736 | Gauntlet | Found a runed translucent gate.
 13736 | Gauntlet | Found a runed translucent gate.
 13738 | Gauntlet | Found a transporter.
 13747 | Gauntlet | Found a large runed translucent door.
 13748 | Gauntlet | Found a large runed translucent door.
 13778 | Gauntlet | Noticed a two-headed ogre
 13778 | Gauntlet | a manticore changed into a two-headed ogre
 13779 | Gauntlet | a two-headed ogre changed into a snapping turtle
 13951 | Gauntlet | Reached ***** piety under Qazlal
 14474 | Gauntlet | Noticed a minotaur
 14497 | Gauntlet | Killed a minotaur
 14776 | D:13     | Reached XP level 13. HP: 83/85 MP: 16/16
 15013 | D:13     | Reached skill level 10 in Polearms
 15013 | D:13     | Reached skill level 5 in Invocations
 16210 | D:14     | Noticed a vault guard
 16216 | D:14     | Noticed a vault guard
 16238 | D:14     | Killed a vault guard
 16255 | D:14     | Killed a vault guard
 16428 | D:14     | Found a gate to the Vaults.
 16691 | Lair:1   | Entered Level 1 of the Lair of Beasts
 16972 | D:11     | Gained mutation: Your large and strong wings let you fly
                  | indefinitely. [Gargoyle growth]
 16972 | D:11     | Reached XP level 14. HP: 82/92 MP: 19/19
 18220 | Lair:2   | Reached ****** piety under Qazlal
 18238 | Lair:2   | Noticed Gastronok
 18266 | Lair:2   | Killed Gastronok
 19223 | Lair:3   | Found a staircase to the Swamp.
 19632 | Lair:4   | Found a staircase to the Snake Pit.
 21491 | Lair:6   | Entered Level 6 of the Lair of Beasts
 21864 | Lair:5   | Reached XP level 15. HP: 86/100 MP: 20/20
 22663 | Lair:6   | Found a viscous altar of Jiyva.
 22664 | Lair:6   | Found a staircase to the Slime Pits.
 23370 | D:15     | Entered Level 15 of the Dungeon
 23370 | D:15     | Found a sparkling altar of Nemelex Xobeh.
 24412 | D:15     | Found a staircase to the Depths.
 24795 | Swamp:1  | Entered Level 1 of the Swamp
 25328 | Swamp:1  | Reached XP level 16. HP: 107/107 MP: 21/21
 25438 | Swamp:1  | Reached skill level 15 in Shields
 25648 | Swamp:1  | Reached skill level 15 in Fighting
 25686 | Swamp:1  | Reached skill level 15 in Armour
 28849 | Swamp:4  | Entered Level 4 of the Swamp
 28956 | Swamp:4  | Noticed a thorn hunter
 28973 | Swamp:3  | Killed a thorn hunter
 29096 | Swamp:4  | Noticed a thorn hunter
 29110 | Swamp:4  | Killed a thorn hunter
 30155 | Swamp:4  | Reached XP level 17. HP: 103/115 MP: 22/22
 30378 | Swamp:4  | Noticed a bone dragon
 30439 | Swamp:4  | Killed a bone dragon
 30647 | Swamp:4  | Got a decaying rune of Zot
 30985 | Orc:1    | Entered Level 1 of the Orcish Mines
 31366 | Orc:1    | Found Ydyap's Assorted Antiques.
 31375 | Orc:1    | Bought a scroll of teleportation for 99 gold pieces
 31644 | Orc:2    | Entered Level 2 of the Orcish Mines
 31936 | Orc:2    | Found a staircase to the Elven Halls.
 33772 | Orc:2    | Found a roughly hewn altar of Beogh.
 33775 | Orc:2    | Found Dyru's Antique Weapon Shop.
 33802 | Orc:2    | Found Rashajur's Antique Armour Shop.
 33818 | Orc:2    | Found Ysou's General Store.
 33825 | Orc:2    | Bought a potion of heal wounds for 70 gold pieces
 33825 | Orc:2    | Bought a scroll of enchant armour for 105 gold pieces
 33839 | Orc:2    | Found Ipuxkiemp's Book Shop.
 34023 | Orc:2    | Bought a pair of encrusted boots for 285 gold pieces
 34025 | Orc:2    | Identified the +2 pair of boots of Cocytus {rF+ SInv} (You
                  | bought it in a shop on level 2 of the Orcish Mines)
 34248 | Depths:1 | Entered Level 1 of the Depths
 34250 | Depths:1 | Noticed Bai Suzhen
 34337 | D:15     | Killed Bai Suzhen
 36299 | Depths:1 | Reached XP level 18. HP: 124/124 MP: 23/23
 36300 | Depths:1 | Found a gateway to Hell.
 36725 | Depths:1 | Found a runed translucent gate.
 36725 | Depths:1 | Found a runed translucent gate.
 36728 | Depths:1 | Noticed havocjr3's ghost (adept GnGl)
 36728 | Depths:1 | Noticed an ancient lich
 36732 | Depths:1 | Found an ancient bone altar of Kikubaaqudgha.
 36732 | Depths:1 | Noticed a lich
 36732 | Depths:1 | Noticed Shotagonist's ghost (veteran GrFi)
 36733 | Depths:1 | Found a runed translucent gate.
 36733 | Depths:1 | Noticed qipq's ghost (journeyman FeVM)
 36770 | Depths:1 | Noticed an ancient lich
 37647 | D:15     | Killed an ancient lich
 38306 | Depths:1 | Identified the Handbook of Cold and Unholy Arts
 38421 | Depths:1 | Identified the Incunabulum of Unstable Translocation
 39140 | Depths:2 | Found a one-way gate leading to the halls of Pandemonium.
 39786 | Depths:2 | Noticed a titan
 40033 | Depths:2 | Noticed a tentacled monstrosity
 40051 | Depths:2 | Killed a tentacled monstrosity
 40155 | Depths:2 | Noticed a titan
 40199 | Depths:1 | Killed a titan
 40478 | Depths:2 | Reached XP level 19. HP: 133/133 MP: 24/24
 40524 | Depths:2 | Paralysed by an ogre mage for 5 turns
 40937 | Depths:2 | Found Tyaptybaot's Gadget Shoppe.
 41868 | Depths:2 | Found Xecuuset's Antique Weapon Shop.
 41877 | Depths:2 | Noticed a golden dragon
 41931 | Depths:1 | Killed a golden dragon
 42132 | Depths:2 | Paralysed by a vampire knight for 7 turns
 42295 | Depths:2 | Identified the ring "Viteorar" {rElec rPois rC+ Int-4
                  | Dex+5}
 42486 | Depths:2 | Identified the ring "Muady" {rF- rC+ rN+ MR+++ Dex+4}
 42748 | Depths:2 | Noticed a caustic shrike
 42759 | Depths:2 | Noticed a tentacled monstrosity
 42767 | Depths:2 | Killed a caustic shrike
 42776 | Depths:2 | Killed a tentacled monstrosity
 43136 | Depths:2 | Found a gateway to a ziggurat.
 43181 | Depths:2 | Identified the ring "Qicomn" {rPois rN+}
 43534 | Depths:2 | Paralysed by a floating eye for 2 turns
 43541 | Depths:2 | Paralysed by a floating eye for 3 turns
 44357 | Snake:1  | Entered Level 1 of the Snake Pit
 45226 | Snake:2  | Noticed Kirke
 45389 | Snake:2  | Reached XP level 20. HP: 139/142 MP: 25/25
 46295 | Snake:2  | Killed Kirke
 46862 | Snake:3  | Noticed Aizul
 46901 | Snake:2  | Killed Aizul
 47045 | Snake:3  | Found Tasi's Food Shop.
 47050 | Snake:3  | Found Leriel's Antique Armour Boutique.
 47051 | Snake:3  | Found Osymush's Antique Weapon Shop.
 47361 | Snake:3  | Got an ancient great sword
 47363 | Snake:3  | Identified the cursed +0 great sword of Disarray {venom,
                  | *Corrode +Blink rPois MR+} (You found it on level 3 of the
                  | Snake Pit)
 47998 | Snake:3  | Bought a glimmering plate armour for 1176 gold pieces
 47998 | Snake:3  | Identified the +5 plate armour of the Past {rF+ Int+5} (You
                  | bought it in a shop on level 3 of the Snake Pit)
 48043 | Snake:4  | Entered Level 4 of the Snake Pit
 48794 | Snake:4  | Reached XP level 21. HP: 151/151 MP: 26/26
 49560 | Snake:4  | Got a serpentine rune of Zot
 50137 | Depths:1 | Killed from afar by a lich

Illustrated notes

Levels and vault maps discovered:
D:1:      lightli_arrival_statue_moat, layout_loops_ring, minmay_vboxes
D:2:      kennysheep_six_static_rooms, layout_loops_ring, first_ration
D:3:      layout_loops_ring
D:4:      layout_loops_cross
D:5:      layout_layer_cave, fedhas_bush_and_centaur_altar, uniq_grinder
D:6:      layout_basic, serial_shops, kennysheep_mini, uniq_crazy_yiuf_cottage,
          uniq_eustachio, uniq_sigmund
D:7:      layout_basic, minmay_temple_entry_ruins, grunt_livestock, uniq_duvessa
D:8:      layout_basic, grunt_decor_cap
D:9:      layout_roguey, kennysheep_mini_moat, grunt_temple_overflow_open,
          zombieorc2_lemuel, st_stairs_6, serial_park_tiny_2, uniq_pikel
D:10:     layout_roguey
D:11:     layout_irregular_city, erik_lair_orcish_takeover, serial_shops, shop,
          shop, shop, roderic_batcave
D:12:     layout_roguey, enter_trove_3, serial_glass, glass_columns_a,
          glass_columns_c, glass_columns_c, glass_columns_a, uniq_snorg,
          uniq_nergalle
D:13:     layout_small_grid, gauntlet_entry_generic, lemuel_flame_loot_1
D:14:     layout_loops_ring, grunt_vaults_entry_tiered, small_statue_alley_a
D:15:     grunt_enter_depths_snipers, layout_basic, basic_altar, minmay_orc_keep
Temple:   dpeg_five_rooms_temple
Lair:1:   layout_cave_shapes, cheibrodos_lair_lostbears
Lair:2:   layout_regular_city, fungi_pond_lemuel, grunt_megastairs_5,
          uniq_gastronok
Lair:3:   layout_gridlike, minmay_swamp_entry_wisps, minmay_lindwurm_lava
Lair:4:   layout_cave_shapes, guppyfry_snake_entry_island, serial_bayou_shore_a
Lair:5:   layout_loops_ring, kennysheep_rathole
Lair:6:   minmay_lair_end_frog_pond, layout_cellular_growth, slime_altar_1
Swamp:1:  layout_falls_marsh, evilmike_swamp_ruin_house_6
Swamp:2:  layout_basic_swamp, evilmike_swamp_ruin_rubble_1, swamp_pool2
Swamp:3:  layout_falls_marsh, infiniplex_staircase_pool, swamp_pool4
Swamp:4:  swamp_pestilence, layout_basic_swamp, swamp_pool2
Snake:1:  layout_rooms
Snake:2:  layout_onion, special_room, nicolae_snake_squiggles,
          nicolae_coiled_stairwell_down, grunt_megastairs_2, uniq_kirke
Snake:3:  layout_onion, st_stairs_10, grunt_megastairs_3, minmay_shop_star,
          uniq_aizul
Snake:4:  minmay_snake_end_coiled, layout_cave_town
Orc:1:    layout_caves, serial_shops, nicolae_shop_statue_plus
Orc:2:    grunt_orc_cross, layout_diamond_mine, guppyfry_library_mini
Depths:1: layout_cave_pools, gammafunk_ghost_crypt, mu_enter_wizlab_2,
          serial_column_ruins, column_ruins_hut, column_ruins_grid_2,
          column_ruins_corridor_corner, column_ruins_corridor_water,
          column_ruins_corridor_T, column_ruins_open_tiny,
          column_ruins_columns_straight, column_ruins_open_medium, special_room
          [special_room_magic_class], hell_entry, ebering_dispersal_statue_hall,
          minivault_14, nooodl_orcs_dogs, uniq_bai_suzhen
Depths:2: hangedman_spin_cycle, hell_entry, pan_entry

Skill      XL: |  1  2  3  4  5  6  7  8  9 10 11 12 13 14 15 16 17 18 19 20 |
---------------+-------------------------------------------------------------+-----
Polearms       | 2 3 4 5 6 7 9 10 11 12 13 14 | 14.0
Shields        | 4 5 7 8 9 10 11 12 13 14 15 | 15.0
Fighting       | 4 5 6 8 9 10 11 12 13 14 16 17 19 20 22 | 22.2
Armour         | 4 5 6 8 9 10 11 12 13 14 16 17 19 20 22 | 22.2
Invocations    | 4 7 |  7.0

Action                   |  1- 3 |  4- 6 |  7- 9 | 10-12 | 13-15 | 16-18 | 19-21 || total
-------------------------+-------+-------+-------+-------+-------+-------+-------++-------
Melee: Trident           |   130 |   309 |   490 |  1415 |  1880 |  2887 |  2293 ||  9404
       Unarmed           |       |       |       |       |       |       |     6 ||     6
Invok: Elemental Force   |       |       |       |       |       |       |     3 ||     3
       Disaster Area     |       |       |       |       |       |       |     3 ||     3
 Abil: Fly               |       |       |       |       |     1 |       |     1 ||     2
       Stop Flying       |       |       |       |       |     1 |       |     1 ||     2
Evoke: Wand              |       |       |       |     2 |       |       |     1 ||     3
  Use: Scroll            |       |     8 |     1 |    14 |     7 |     9 |    17 ||    56
       Potion            |       |       |       |     4 |       |     5 |    12 ||    21
 Stab: Invisible         |       |       |     1 |       |       |       |       ||     1
       Confused          |       |       |       |       |       |     1 |       ||     1
       Distracted        |       |       |       |       |       |     1 |       ||     1
  Eat: Chunk             |     1 |    10 |     7 |    23 |    28 |    27 |    15 ||   111
       Ration            |       |       |     1 |     2 |     3 |     7 |     6 ||    19
Armor: Scale mail        |    61 |   110 |   248 |   255 |       |       |       ||   674
       Acid dragon scale |       |       |       |    18 |       |       |       ||    18
       Plate armour      |       |       |       |   229 |   491 |   879 |   103 ||  1702
       Gold dragon scale |       |       |       |       |       |       |   614 ||   614
       Skin              |       |       |       |       |       |       |    89 ||    89
Dodge: Dodged            |    33 |    48 |   140 |   253 |   148 |   341 |   172 ||  1135
       Repelled          |       |       |     2 |    18 |     4 |    31 |    48 ||   103
Block: Kite shield       |    56 |   143 |   241 |   941 |  1617 |  2467 |  1742 ||  7207
       Reflection        |       |       |       |     2 |    36 |    91 |    44 ||   173
       Other             |       |       |       |       |       |       |     1 ||     1
